 Dungeon Crawl Stone Soup version 0.29-a0-330-g52719c12eb (webtiles) character file.

Game seed: 11740757142044258859

12322 siradein the Shield-Bearer (level 12, -6/86 HPs)
             Began as a Djinni Fighter on Apr 12, 2022.
             Was an Initiate of Gozag.
             Mangled by a manticore (11 damage)
             ... on level 11 of the Dungeon on Apr 13, 2022.
             The game lasted 00:39:00 (10001 turns).

siradein the Shield-Bearer (Djinni Fighter)        Turns: 10001, Time: 00:39:01

Health: -6/86      AC:  5    Str: 17    XL:     12   Next: 18%
Gold:   1036       EV: 19    Int: 19    God:    Gozag SH:  6 Dex: 16

rFire   + . .      SeeInvis .   A - +9 falchion of Lotrikh {drain, rF- Int+7 Stlth+}
rCold   . . .      Faith    .   c - +0 buckler
rNeg    . . .      Spirit   .   G - +0 troll leather armour
rPois   ∞          Reflect  .   D - +1 helmet
rElec   .          Harm     .   (no cloak)
rCorr   .          Rampage  .   H - +0 pair of gloves
Will    +....                   (boots unavailable)
Stlth   ++........              l - amulet of regeneration
HPRegen 1.84/turn               I - +4 ring of evasion
MPRegen 0.00/turn               v - ring of protection from cold

@: corroded, flying
A: sickness immunity, fire resistance 2, cold vulnerability 1, float, innate
caster, HP casting, extra vitality 1, clever 1
a: Renounce Religion, Potion Petition, Call Merchant, Bribe Branch


You were on level 11 of the Dungeon.
You worshipped Gozag.
Gozag was most pleased with you.
You visited 2 branches of the dungeon, and saw 12 of its levels.

You collected 1354 gold pieces.
You spent 201 gold pieces at shops.
You paid 117 gold pieces to Gozag.

Inventory:

Hand Weapons
 h - a +1 short sword of venom
 x - a +0 scimitar
 A - the +9 falchion of Lotrikh (weapon) {drain, rF- Int+7 Stlth+}
   (You found it on level 4 of the Dungeon)

   A truly terrible weapon, it drains the life of any living foe it strikes.
   Int:       It affects your intelligence (+7).
   rF:        It makes you vulnerable to fire.
   Stlth:     It makes you more stealthy.
Missiles
 t - 2 throwing nets (quivered)
Armour
 c - a +0 buckler (worn)
 D - a +1 helmet (worn)
 G - a +0 troll leather armour (worn)
 H - a +0 pair of gloves (worn)
Jewellery
 l - an amulet of regeneration (around neck)
 v - a ring of protection from cold (right hand)
 w - a ring of willpower
 I - a +4 ring of evasion (left hand)
Wands
 b - a wand of iceblast (7)
 g - a wand of paralysis (14)
 N - a wand of mindburst (10)
 P - a wand of flame (27)
Scrolls
 a - 2 scrolls of enchant armour
 f - 2 scrolls of acquirement {unknown}
 j - 3 scrolls of blinking
 k - 4 scrolls of fog {unknown}
 m - 3 scrolls of teleportation
 n - 2 scrolls of silence {unknown}
 q - 2 scrolls of magic mapping {unknown}
 r - 2 scrolls of fear {unknown}
 s - a scroll of holy word
 y - 2 scrolls of immolation
 z - 5 scrolls of enchant weapon
 E - a scroll of summoning
Potions
 d - a potion of might
 e - a potion of lignification {unknown}
 i - 8 potions of heal wounds
 o - 3 potions of brilliance
 p - 2 potions of curing {unknown}
 C - 4 potions of attraction {unknown}
 F - a potion of mutation
 J - a potion of berserk rage {unknown}
 L - 2 potions of haste {unknown}
 M - a potion of resistance {unknown}


   Skills:
 + Level 7.8 Fighting
 + Level 6.7 Long Blades
 + Level 7.8 Armour
 + Level 7.7 Dodging
 + Level 7.8 Shields
 + Level 5.3 Spellcasting
 + Level 6.6 Evocations


You had 6 spell levels left.
You knew the following spells:

 Your Spells              Type           Power      Damage    Failure   Level
a - Pain                  Necr           100%       1d9       1%          1
b - Passwall              Tmut/Erth      20%        N/A       3%          2
c - Lesser Beckoning      Tloc           25%        N/A       6%          3
d - Ice Form              Ice/Tmut       25%        N/A       19%         4
e - Yara's Violent Unrav  Hex/Tmut       12%        3d7       47%         5
Your spell library was empty.

Dungeon Overview and Level Annotations

Branches:
Dungeon (11/15)            Temple (1/1) D:7            Lair (0/6) D:10
    Orc (0/2) D:10

Altars:
Ashenzari
Cheibriados
Dithmenos
Elyvilon
Fedhas
Gozag
Hepliaklqana
Kikubaaqudgha
Makhleb
Nemelex Xobeh
Okawaru
Qazlal
Ru
Sif Muna
Trog
Uskayaw
Vehumet
Wu Jian
Xom
Yredelemnul
Zin
The Shining One

Shops:
D:1 (   D:9 ?

Annotations:
D:6 3 runed translucent doors, chopper's ghost, novice MiFi; greenreed's ghost, novice GnTm; gzilladon's ghost, novice HOMo; sirJeffrey23's ghost, novice DsMo


Innate Abilities, Weirdness & Mutations

You are immune to sickness and miasma.
You are immune to poison.
Your flesh is very heat resistant. (rF++)
You are vulnerable to cold. (rC-)
You float through the air rather than walking.
You learn spells naturally, not from books.
Your magical power is your life essence.
You have superior vitality. (+4 MHP)
Your mind is acute. (Int +2)


Message History

The manticore is lightly wounded.
The manticore closely misses you. You block the manticore's attack.
The manticore claws you!
You hit the manticore.
The manticore is lightly wounded.
You block the manticore's attack.
The manticore claws you but does no damage.
You block the manticore's attack.
You hit the manticore.
The manticore is moderately wounded.
The manticore bites you!
* * * LOW HITPOINT WARNING * * *
The manticore completely misses you. The manticore misses you.
You hit the manticore.
The manticore is moderately wounded.
The manticore bites you!
* * * LOW HITPOINT WARNING * * *
The manticore closely misses you. The manticore misses you.
You slash the manticore! You drain the manticore.
The manticore is severely wounded.
The manticore closely misses you. The manticore misses you.
The manticore claws you!
* * * LOW HITPOINT WARNING * * *
The acid dragon misses you. The acid dragon barely misses you.
You hit the manticore but do no damage. You drain the manticore.
The manticore is severely wounded.
The manticore completely misses you. You block the manticore's attack.
The manticore claws you.
* * * LOW HITPOINT WARNING * * *
The acid dragon barely misses you. The acid dragon claws you.
* * * LOW HITPOINT WARNING * * *
Found a scroll of teleportation.
You block the manticore's attack. The manticore claws you.
* * * LOW HITPOINT WARNING * * *
You block the manticore's attack.
The white ugly thing attacks as you move away!
The white ugly thing closely misses you.
The manticore bites you!
You die...
Your body crumbles into a pile of gold.

#######......#.####
.((.....<..
#......#...###.............
#^.............?.###...>...
##..........................
......#.###...................
#####.#......#.#.#..#..H......
#....#.........####.######
##.#...........# ..
#........@.## $
#........H..##.#
##...#...Du.....#
#...#...#..#......
............#....#.
....##....##.#..#.#
...##........# ..... ..
#........# ...#. #........# $


You could see a white ugly thing, a manticore (drained) and an acid dragon.

Vanquished Creatures
  Harold (D:10)
  5 two-headed ogres
  Maggie (D:8)
  3 trolls
  A wraith (D:4)
  A shadow (D:10)
  4 wyverns (D:10)
  8 yaks (D:10)
  2 basilisks (D:10)
  Grum (D:8)
  7 water moccasins
  4 orc warriors (D:10)
  3 black bears
  5 ice beasts
  2 sky beasts (D:6)
  2 wolves (D:8)
  An ogre (D:6)
  5 centaurs
  A kobold brigand (D:7)
  6 bullfrogs
  2 scorpions (D:6)
  2 gnoll sergeants
  10 wights
  2 howler monkeys
  2 electric eels (D:7)
  5 hounds
  8 orc priests
  3 gnoll shamans
  3 jellies
  4 iguanas
  Ijyb (D:3)
  10 orc wizards
  16 gnolls
  11 adders
  A shadow imp (D:8)
  A white imp (D:5)
  2 ufetubi
  A worm (D:2)
  A dart slug (D:1)
  47 orcs
  6 ball pythons
  9 endoplasms
  6 giant cockroaches
  5 goblins
  8 hobgoblins
  11 jackals
  13 kobolds
  11 bats
  2 frilled lizards (D:2)
  6 rats
272 creatures vanquished.

Vanquished Creatures (others)
  3 fungi (D:10)
  13 plants (D:10)
16 creatures vanquished.

Grand Total: 288 creatures vanquished

Notes
Turn   | Place    | Note
-------+----------+-------------------------------------------
     0 | D:1      | siradein the Djinni Fighter began the quest for the Orb.
     0 | D:1      | Reached XP level 1. HP: 20/20 MP: 0/0
   434 | D:1      | Reached XP level 2. HP: 24/25 MP: 0/0
   808 | D:1      | Found Eqigutoi's Weapon Shop.
   811 | D:1      | Reached skill level 1 in Dodging
   811 | D:1      | Reached XP level 3. HP: 14/30 MP: 0/0
   811 | D:1      | Learned a level 1 spell: Pain
  1611 | D:2      | Reached XP level 4. HP: 35/35 MP: 0/0
  1643 | D:2      | Reached XP level 5. HP: 26/40 MP: 0/0
  1643 | D:2      | Learned a level 2 spell: Passwall
  1674 | D:2      | Found a faded altar of an unknown god.
  2336 | D:3      | Noticed Ijyb
  2354 | D:3      | Killed Ijyb
  2392 | D:3      | Reached skill level 1 in Spellcasting
  2590 | D:3      | Reached XP level 6. HP: 47/47 MP: 0/0
  2761 | D:3      | Found a blossoming altar of Fedhas.
  2939 | D:4      | Identified the +9 falchion of Lotrikh {drain, rF- Int+7
                  | Stlth+}
  3019 | D:4      | Reached skill level 1 in Evocations
  3373 | D:4      | Reached XP level 7. HP: 48/52 MP: 0/0
  3373 | D:4      | Learned a level 3 spell: Lesser Beckoning
  3586 | D:5      | Entered Level 5 of the Dungeon
  3882 | D:5      | Noticed a wraith
  3905 | D:4      | Killed a wraith
  3906 | D:4      | Reached XP level 8. HP: 52/58 MP: 0/0
  4593 | D:6      | Reached skill level 5 in Shields
  4604 | D:6      | Noticed a troll
  4620 | D:6      | Killed a troll
  4621 | D:6      | Reached skill level 5 in Fighting
  4621 | D:6      | Reached skill level 5 in Armour
  4621 | D:6      | Reached XP level 9. HP: 65/65 MP: 0/0
  4621 | D:6      | Learned a level 4 spell: Ice Form
  5156 | D:6      | Found a runed translucent gate.
  5157 | D:6      | Found a runed translucent gate.
  5158 | D:6      | Found a runed translucent gate.
  5159 | D:6      | Noticed sirJeffrey23's ghost (novice DsMo)
  5159 | D:6      | Noticed chopper's ghost (novice MiFi)
  5160 | D:6      | Noticed greenreed's ghost (novice GnTm)
  5160 | D:6      | Noticed gzilladon's ghost (novice HOMo)
  5258 | D:6      | Reached skill level 5 in Dodging
  5481 | D:6      | Reached XP level 10. HP: 65/72 MP: 0/0
  5492 | D:6      | Gained mutation: You are weak. (Str -2) [potion of
                  | mutation]
  5493 | D:6      | Lost mutation: You are weak. (Str -2) [potion of mutation]
  5493 | D:6      | Gained mutation: Your mind is acute. (Int +2) [potion of
                  | mutation]
  5825 | D:7      | Reached skill level 5 in Long Blades
  6142 | D:7      | Found a staircase to the Ecumenical Temple.
  6151 | Temple   | Entered the Ecumenical Temple
  6277 | Temple   | Became a worshipper of Gozag Ym Sagoz the Greedy
  6887 | D:8      | Reached skill level 5 in Evocations
  7113 | D:8      | Noticed a two-headed ogre
  7204 | D:8      | Killed a two-headed ogre
  7252 | D:8      | Noticed Grum
  7289 | D:8      | Reached XP level 11. HP: 42/78 MP: 0/0
  7289 | D:8      | Learned a level 5 spell: Yara's Violent Unravelling
  7328 | D:8      | Killed Grum
  7350 | D:8      | Noticed a two-headed ogre
  7352 | D:8      | Noticed Maggie
  7376 | D:8      | Killed a two-headed ogre
  7383 | D:8      | Killed Maggie
  8178 | D:9      | Noticed a two-headed ogre
  8187 | D:9      | Killed a two-headed ogre
  8572 | D:9      | Found Diut's Magic Scroll Emporium.
  8582 | D:9      | Bought a scroll of identify for 26 gold pieces
  8582 | D:9      | Bought a scroll of identify for 26 gold pieces
  8582 | D:9      | Bought a scroll of identify for 26 gold pieces
  8582 | D:9      | Bought a scroll of identify for 26 gold pieces
  8582 | D:9      | Bought a scroll of identify for 26 gold pieces
  8582 | D:9      | Bought a scroll of identify for 26 gold pieces
  8582 | D:9      | Bought a scroll of immolation for 45 gold pieces
  8866 | D:10     | Entered Level 10 of the Dungeon
  8870 | D:10     | Noticed a two-headed ogre
  8880 | D:10     | Killed a two-headed ogre
  9037 | D:10     | Found a staircase to the Lair.
  9158 | D:10     | Reached skill level 5 in Spellcasting
  9521 | D:10     | Noticed a two-headed ogre
  9531 | D:10     | Killed a two-headed ogre
  9543 | D:10     | Reached XP level 12. HP: 56/85 MP: 0/0
  9664 | D:10     | Found a staircase to the Orcish Mines.
  9720 | D:11     | Noticed Harold
  9744 | D:10     | Killed Harold
  9979 | D:11     | Noticed a six-headed hydra
 10000 | D:11     | HP: 3/86 [manticore (5)]
 10001 | D:11     | Mangled by a manticore

Illustrated notes

Levels and vault maps discovered:
D:1:      dpeg_arrival_fog, layout_loops_corners, serial_shops, shop,
          minmay_pentomino_s2
D:2:      layout_rooms, serial_aquarium, aquarium_bridge_square
          [aquarium_subvault_wall, aquarium_subvault_balcony,
          aquarium_subvault_balcony, aquarium_subvault_bridge],
          aquarium_bridge_square [aquarium_subvault_balcony,
          aquarium_subvault_bridge, aquarium_subvault_balcony,
          aquarium_subvault_wall], aquarium_window_corner, aquarium_window_fake,
          aquarium_window_2, aquarium_view_2a,
          hellmonk_ecumenical_altar_zigzags, roderic_lattice_a
D:3:      layout_basic, fedhas_altar_4, uniq_ijyb
D:4:      layout_basic
D:5:      layout_loops_corners, minmay_chambers_of_fives
D:6:      minmay_clustersquares, layout_gridville, gammafunk_ghost_cemetery
D:7:      layout_rooms, led_sif_pool, minmay_temple_entry_gardened_gates,
          serial_aquarium, aquarium_bridge_straight [aquarium_subvault_bridge,
          aquarium_subvault_window, aquarium_subvault_bridge,
          aquarium_subvault_wall], aquarium_window_1, aquarium_window_corner,
          aquarium_window_fake, aquarium_view_4, aquarium_pool_2,
          chequers_avenue
D:8:      layout_basic, st_stairs_8, minmay_between, uniq_grum, uniq_maggie
D:9:      layout_grid_maze, serial_shops, shop
D:10:     layout_small_grid, minmay_lair_entry_grove, david_orc_4
D:11:     layout_rooms, uniq_harold
Temple:   mainiacjoe_temple_cubbyholes

Skill      XL: |  1  2  3  4  5  6  7  8  9 10 11 |
---------------+----------------------------------+-----
Long Blades    | 2 3 4 5 6 |  6.7
Dodging        | 1 2 3 4 5 6 7 |  7.7
Spellcasting   | 1 2 3 4 5 |  5.3
Evocations     | 1 2 3 4 5 6 |  6.6
Fighting       | 4 5 6 7 |  7.8
Shields        | 4 5 6 7 |  7.8
Armour         | 4 5 6 7 |  7.8

Action                   |  1- 3 |  4- 6 |  7- 9 | 10-12 || total
-------------------------+-------+-------+-------+-------++-------
Melee: Long sword        |   140 |   108 |       |       ||   248
       Short sword       |       |    12 |       |       ||    12
       Scimitar          |       |    73 |       |       ||    73
       Falchion          |       |    40 |   216 |   410 ||   666
Throw: Dart              |       |       |       |     5 ||     5
 Cast: Passwall          |       |       |       |     5 ||     5
  Use: Scroll            |       |     2 |       |    12 ||    14
       Potion            |       |       |       |     2 ||     2
 Stab: Sleeping          |       |       |     3 |     8 ||    11
       Distracted        |       |       |       |     1 ||     1
Armor: Scale mail        |    82 |    45 |       |       ||   127
       Chain mail        |       |    99 |    77 |       ||   176
       Troll leather arm |       |       |    30 |    90 ||   120
Dodge: Dodged            |    79 |   102 |    89 |   319 ||   589
Block: Buckler           |    45 |    63 |    56 |   143 ||   307

Table legend: (Time is in decaauts)
 A = Elapsed time spent in this place.
 B = Non-inter-level travel time spent in this place.
 C = Inter-level travel time spent in this place.
 D = Time resting spent in this place.
 E = Time spent auto-exploring this place.
 F = Levels seen in this place.
 G = Mean time per level.
                   A        B        C        D        E       F      G
               +--------+--------+--------+--------+--------+-----+--------+
         Total |  10164 |   9792 |    372 |    426 |   6632 |  12 |  847.0 |
       Dungeon |   9811 |   9439 |    372 |    426 |   6357 |  11 |  891.9 |
        Temple |    353 |    353 |      0 |      0 |    275 |   1 |  353.0 |
               +--------+--------+--------+--------+--------+-----+--------+

Top non-repeatable levels by time:
     D:1: 1509 daAuts
     D:6: 1297 daAuts
     D:8: 1161 daAuts
    D:10: 1048 daAuts
     D:9: 987 daAuts
     D:5: 921 daAuts
     D:2: 884 daAuts
     D:4: 798 daAuts
     D:7: 582 daAuts
     D:3: 530 daAuts
  Temple: 353 daAuts
    D:11: 90 daAuts
